 Dungeon Crawl Stone Soup version 0.24.0-29-g8ce449bc06 (webtiles) character file.

Game seed: 2993574590130186407, levelgen mode: deterministic

371 Froggeryz the Cudgeler (level 6, -7/35 HPs)
             Began as a Gargoyle Gladiator on Nov 16, 2019.
             Killed by divine providence
             ... invoked by an orc priest
              (15 damage)
             ... on level 4 of the Dungeon.
             The game lasted 00:04:53 (4128 turns).

Froggeryz the Cudgeler (Gargoyle Gladiator)         Turns: 4128, Time: 00:04:53

Health: -7/35      AC: 11    Str: 17    XL:     6   Next: 71%
Magic:  6/6        EV: 11    Int: 11    God:
Gold:   146        SH:  0    Dex: 11    Spells: 5/5 levels left

rFire    . . .     SeeInvis .   y - +0 flail (crush)
rCold    . . .     Gourm    .   (no shield)
rNeg     + . .     Faith    .   m - +0 ring mail (curse)
rPois    ∞         Spirit   .   c - +0 helmet
rElec    +         Reflect  .   (no cloak)
rCorr    .         Harm     .   r - +0 pair of gloves
MR       .....                  (no boots)
Stlth    +.........             (no amulet)
HPRegen  0.11/turn              (no ring)
MPRegen  0.10/turn              (no ring)

@: no status effects
A: negative energy resistance 1, electricity resistance, unbreathing,
petrification resistance, rot immunity, AC +4
a: no special abilities


You were on level 4 of the Dungeon.
You were not hungry.

You visited 1 branch of the dungeon, and saw 5 of its levels.

You collected 146 gold pieces.

Inventory:

Hand Weapons
 y - a +0 flail of crushing (weapon)
Missiles
 d - 3 throwing nets
 u - 7 boomerangs (quivered)
 x - 7 poisoned darts
Armour
 c - a +0 helmet (worn)
 m - a cursed +0 ring mail (worn)
 r - a +0 pair of gloves (worn)
Wands
 b - a wand of polymorph (12)
Scrolls
 a - a scroll of random uselessness {unknown}
 e - 3 scrolls of identify {unknown}
 g - 4 scrolls of remove curse {unknown}
 h - 5 scrolls of teleportation {unknown}
 i - 4 scrolls of noise {unknown}
 j - a scroll of amnesia {unknown}
 l - a scroll of fog {unknown}
 n - a scroll of enchant weapon {unknown}
 s - a scroll of fear {unknown}
 v - 3 scrolls of immolation {unknown}
Potions
 k - a potion of curing
 o - a potion of lignification {unknown}
 p - a potion of flight {unknown}
 q - a potion of ambrosia {unknown}
 t - a potion of resistance {unknown}
Comestibles
 f - 4 rations


   Skills:
 - Level 2.1 Fighting
 * Level 7.3 Maces & Flails
 - Level 1.7 Throwing
 - Level 2.4 Dodging


You had 5 spell levels left.
You didn't know any spells.
Your spell library was empty.

Dungeon Overview and Level Annotations

Branches:
Dungeon (5/15)
 Temple: D:4-7

Altars:


Innate Abilities, Weirdness & Mutations

You are resistant to torment.
Your stone body is resilient. (AC +4)
You are immune to poison.
You resist negative energy. (rN+)
You are resistant to electric shocks. (rElec)
You can survive without breathing.
You are immune to petrification.
You are immune to rotting.


Message History

You barely miss the orc priest.
The orc priest is severely wounded.
The orc hits you with a +0 falchion. The orc hits you but does no damage.
The orc priest hits you but does no damage.
The orc misses you.
You hit the orc priest.
You kill the orc priest!
The orc barely misses you. The orc hits you but does no damage.
The orc barely misses you.
The orc priest begins to cast a cantrip, but forgets the words!
You hit the orc.
The orc is heavily wounded.
The orc hits you with a +0 falchion. The orc closely misses you.
The orc barely misses you.
You barely miss the orc priest. The orc hits you with a +0 falchion.
* * * LOW HITPOINT WARNING * * *
The orc hits you but does no damage. x2
The orc priest mumbles some strange prayers to Beogh against you.
Beogh smites you!
You die...

#########
#.......#
#>......#
#.......#
#..?ooo.#
########@o.#####
............[.$.
#####.......###
#.........#
#.........#
####.........###
#....)..........
...##.........###
.# #.........#


You could see an orc priest and 3 orcs.

Vanquished Creatures
  A hound (D:4)
  3 orc priests
  An orc wizard (D:4)
  A worker ant (D:2)
  3 gnolls
  2 adders
  2 adder skeletons (D:4)
  3 worms
  5 dart slugs
  2 leopard geckos
  15 orcs
  3 ball pythons
  6 bats
  8 giant cockroaches
  8 goblins
  12 hobgoblins
  8 jackals
  A quokka (D:3)
  9 frilled lizards
  6 kobolds
  A quokka skeleton (D:4)
  10 rats
110 creatures vanquished.

Vanquished Creatures (others)
  An adder (D:2)
1 creature vanquished.

Grand Total: 111 creatures vanquished

Notes
Turn   | Place    | Note
-------+----------+-------------------------------------------
     0 | D:1      | Froggeryz the Gargoyle Gladiator began the quest for the
                  | Orb.
     0 | D:1      | Reached XP level 1. HP: 12/12 MP: 1/1
   109 | D:1      | Reached XP level 2. HP: 13/17 MP: 2/2
   780 | D:1      | You fall into a shaft and drop 1 floor!
   784 | D:2      | Reached skill level 4 in Maces & Flails
   792 | D:2      | Reached XP level 3. HP: 13/21 MP: 3/3
  1836 | D:1      | Reached XP level 4. HP: 26/26 MP: 4/4
  2014 | D:2      | Reached skill level 5 in Maces & Flails
  2778 | D:3      | Reached XP level 5. HP: 30/30 MP: 5/5
  3179 | D:3      | Reached skill level 6 in Maces & Flails
  3671 | D:4      | Reached XP level 6. HP: 28/35 MP: 6/6
  3758 | D:5      | Entered Level 5 of the Dungeon
  3941 | D:4      | Reached skill level 7 in Maces & Flails
  4128 | D:4      | Killed from afar by an orc priest

Levels and vault maps discovered:
D:1:      lemuel_arrival_rhombus, layout_basic, minmay_misc_feat_diagonals,
          minmay_tromino_v2
D:2:      layout_basic, first_ration
D:3:      layout_basic, minmay_lizard_king
D:4:      layout_rooms
D:5:      layout_basic, lemuel_crystal_altar, minmay_temple_entry_poolview

Skill      XL: |  1  2  3  4  5  6 |
---------------+-------------------+-----
Maces & Flails | 4 5 6 7 |  7.3
Fighting       | |  2.1
Throwing       | |  1.7
Dodging        | |  2.4

Action                   |  1- 3 |  4- 6 || total
-------------------------+-------+-------++-------
Melee: Flail             |   118 |   296 ||   414
Throw: Boomerang         |       |    12 ||    12
  Eat: Chunk             |     3 |     8 ||    11
Armor: Leather armour    |    27 |       ||    27
       Ring mail         |    27 |   183 ||   210
Dodge: Dodged            |    80 |   226 ||   306
